AoeStats
← djrocalito

Arena

510320344Analyzed
1v1 RM · 1d ago on Sep 30, 2026· 49m 54s· 2 players
Game mode
Random Map
Map size
Tiny (2 player)
Population
200
Speed
Normal
Resources
Standard
Victory
Conquest
Starting age
Dark Age
Ending age
Imperial Age
RankedLock teamsTeams togetherTeam positionsShared explorationLock speedFull tech treeHidden civsTurbo modeCheats
Victory
Defeat
🇹🇼 Britons · Taiwan
782
+15
🇪🇸 Saracens · Spain
753
-15
djrocalito
5:29 Loom
9:01 Feudal Age
14:50 Castle Age
14:24 Stone Mining
17:40 Horse Collar
32:31 Imperial Age
42:47 Onager
yanghero
10:28 Feudal Age
15:53 Castle Age
13:59 Double-Bit Axe
13:56 Horse Collar
14:32 Stone Mining
16:57 Bow Saw
16:55 Heavy Plow
17:58 Gold Mining
19:37 Gold Shaft Mining
21:50 Padded Archer Armor
24:45 Leather Archer Armor
24:52 Fletching
31:17 Imperial Age
30:11 Crossbowman
33:02 Wheelbarrow
32:47 Warwolf
33:39 Treadmill Crane
35:10 Two-Man Saw
34:20 Bodkin Arrow
36:41 Hand Cart
36:35 Arbalester
40:49 Elite Skirmisher
45:07 Siege Engineers
45:24 Ballistics
46:05 Chemistry
47:49 Conscription
48:05 Hoardings
48:33 Ring Archer Armor
48:04 Bracer
48:44 Yeomen
49:44 Husbandry
49:05 Light Cavalry
Connection lost

Rejoining the realm…

Still unreachable

The connection could not be restored.

Session expired

The server has moved on; the page needs a fresh start.